Map: Moonlight Madness LE (Void)

Players

Javert

  • Race: Zerg Zerg
  • League: Grandmaster

Chaggi - Winner!

  • Race: Terran Terran
  • League: Grandmaster

VOD

Have the link to the VOD?

Description

Time

  • Played on: Sept. 18, 2015, 4:25 p.m.
  • Length: 9:16
Show
View Real Time Build Order
Export as new Build Order

Javert Zerg 

Build Orders: Hatch First, Muta Ling Bane 

Get SALT Encoding   

  12  0:01  Drone  
  13  0:13  Overlord  
  13  0:18  Drone  
  14  0:32  Drone x2  
  17  0:35  Drone  
  17  0:54  Hatchery  
  17  0:55  Drone  
  17  1:00  Drone, Extractor  
  17  1:08  Drone  
  18  1:19  Spawning Pool  
  18  1:20  Drone  
  18  1:29  Drone  
  20  1:40  Drone  
  20  1:51  Drone  
  21  2:01  Overlord  
  21  2:08  Metabolic Boost  
  21  2:10  Queen x2  
  21  2:13  Zergling x4  
  27  2:19  Overlord  
  27  2:25  Drone  
  28  2:41  Drone x3  
  30  2:57  Queen  
  32  3:00  Drone x3  
  32  3:01  Drone  
  36  3:08  Drone  
  37  3:30  Drone x2  
  37  3:31  Drone x4  
  42  3:43  Overlord x2  
  42  3:52  Hatchery  
  42  3:55  Overlord  
  41  3:58  Drone x2  
  41  3:59  Lair, Roach Warren  
  41  4:01  Evolution Chamber  
  41  4:10  Drone x7  
  47  4:43  Drone x5  
  47  4:44  Drone x6  
  58  4:47  Extractor  
  58  4:48  Extractor x2  
  55  4:53  Overlord x2  
  55  5:06  Spire  
  54  5:09  Drone x6  
  54  5:13  Drone x4  
  54  5:14  Drone x4  
  67  5:20  Zerg Missile Weapons Level 1, Baneling Nest  
  67  5:25  Zergling x6  
  70  5:37  Zergling x2  
  70  5:38  Zergling x6  
  74  5:45  Spore Crawler  
  73  5:50  Drone x2  
  73  5:51  Drone x3  
  78  5:58  Overlord x4  
  78  6:00  Extractor  
  78  6:02  Extractor  
  76  6:11  Overlord  
  76  6:13  Overlord x2  
  76  6:19  Mutalisk x2  
  76  6:20  Mutalisk x6  
  92  6:26  Overseer  
  92  6:37  Centrifical Hooks  
  92  6:41  Zergling x2  
  92  6:42  Zergling x20  
  97  6:56  Zergling x2  
  97  6:57  Zergling x14  
  97  6:59  Drone  
  96  7:30  Overlord x2  
  96  7:35  Drone x7  
  96  7:36  Drone x8  
  111  7:47  Hydralisk Den  
  110  7:54  Pneumatized Carapace  
  108  8:02  Baneling x2  
  108  8:03  Baneling x7  
  108  8:04  Baneling x7  
  108  8:05  Baneling x3  
  105  8:09  Drone x5  
  107  8:17  Drone x2  
  107  8:18  Extractor  
  108  8:24  Drone x3  
  108  8:25  Hatchery, Drone x5  
  108  8:26  Extractor  
  114  8:27  Extractor  
Show
View Real Time Build Order
Export as new Build Order

Chaggi Terran - Winner!

Build Orders: Reaper Expand, MMM Bio 

Get SALT Encoding   

  12  0:00  SCV  
  13  0:13  SCV  
  14  0:18  Supply Depot  
  14  0:25  SCV  
  15  0:40  SCV  
  15  0:41  Barracks  
  16  0:45  Refinery  
  16  0:52  SCV  
  17  1:04  SCV  
  18  1:16  SCV  
  19  1:29  Orbital Command  
  19  1:30  Reaper  
  20  1:42  Command Center  
  20  1:49  Supply Depot  
  20  1:54  Refinery  
  20  1:57  SCV  
  21  2:03  Barracks Reactor  
  21  2:09  SCV  
  22  2:21  Factory  
  22  2:22  SCV  
  23  2:34  SCV  
  24  2:40  Marine x2  
  26  2:46  SCV  
  27  2:56  Orbital Command  
  27  2:58  SCV  
  28  2:59  Supply Depot, Marine x2  
  30  3:07  Factory Tech Lab  
  30  3:09  Starport  
  30  3:10  SCV  
  31  3:17  Marine x2  
  33  3:21  SCV  
  33  3:22  SCV  
  35  3:33  SCV  
  36  3:34  SCV  
  36  3:36  Supply Depot  
  37  3:42  Siege Tank  
  37  3:46  SCV  
  37  3:47  SCV, Medivac  
  44  3:53  Bunker  
  44  3:58  SCV  
  44  3:59  SCV  
  44  4:00  Supply Depot, Marine x2  
  48  4:10  SCV  
  48  4:11  SCV  
  50  4:27  Barracks  
  50  4:28  Barracks  
  50  4:30  Factory Reactor  
  50  4:33  SCV x2  
  50  4:38  Marine x2  
  51  4:41  Starport Reactor  
  53  4:45  SCV  
  53  4:46  Command Center, SCV  
  55  4:56  Marine x2  
  55  4:58  SCV x2  
  59  5:01  Engineering Bay x2  
  59  5:04  Refinery x2  
  59  5:10  SCV  
  59  5:11  SCV  
  61  5:16  Stimpack  
  61  5:22  SCV  
  61  5:23  Factory Reactor  
  62  5:29  SCV  
  62  5:34  SCV  
  64  5:37  Marine x5  
  64  5:41  SCV  
  70  5:44  Supply Depot x2  
  70  5:45  Supply Depot  
  70  5:57  SCV x2, Medivac x2  
  70  6:00  Orbital Command  
  70  6:01  Widow Mine x2  
  70  6:02  Marine x4  
  70  6:03  Marine  
  85  6:09  Terran Infantry Weapons Level 1, Terran Infantry Armor Level 1  
  85  6:13  Barracks  
  85  6:14  SCV x2  
  85  6:15  Barracks  
  85  6:18  Missile Turret  
  87  6:19  Marine  
  87  6:20  Missile Turret  
  88  6:26  SCV x2  
  88  6:29  Orbital Command  
  90  6:38  SCV x2  
  92  6:40  Marine  
  92  6:41  Marine x3  
  92  6:42  Marine  
  92  6:44  Missile Turret  
  92  6:46  Missile Turret  
  97  6:53  SCV x2  
  99  6:56  Medivac x2, Widow Mine  
  99  6:57  Widow Mine  
  107  7:02  SCV  
  107  7:05  SCV  
  99  7:23  Missile Turret  
  99  7:24  Missile Turret  
  99  7:26  Missile Turret  
  99  7:27  SCV x3  
  100  7:35  Barracks Reactor x2  
  100  7:39  SCV x2  
  100  7:40  Marine x3  
  100  7:41  Marine x2  
  100  7:44  Combat Shields  
  107  7:45  Medivac  
  109  8:04  Supply Depot  
  109  8:05  Supply Depot, Armory  
  109  8:06  Supply Depot  
  109  8:07  Supply Depot  
  109  8:12  SCV, Marine x2  
  109  8:14  SCV, Marine  
  109  8:15  Refinery x2  
  109  8:17  Command Center  
  109  8:25  Widow Mine x2  
  109  8:26  SCV, Marine x6, Medivac x2  
  124  8:30  Marine x2  
  124  8:32  Marine  
  124  8:33  Supply Depot x2  
  127  8:34  Supply Depot  
  127  8:36  Supply Depot  
  127  8:44  Marine x6  
  127  8:48  Marine x2  
  135  8:49  Marine  
Tags
 
Add a new tag
Caveats
  • Supply blocks, unpowered buildings, or Contaminate may cause inaccurate times.
  • Supply counts are checked every 10 seconds.